 Dungeon Crawl Stone Soup version 0.31-a0-1626-g5cb510d (webtiles) character file.

Game seed: 10139424547495421463

3668 PidgeyThePirate the Carver (level 9, -2/102 HPs)
             Began as a Demonspawn Monk on Jan 11, 2024.
             Was an Elder of Nemelex Xobeh.
             Slain by a yak (5 damage)
             ... on level 8 of the Dungeon.
             The game lasted 00:16:18 (6785 turns).

PidgeyThePirate the Carver (Demonspawn Monk)        Turns: 6785, Time: 00:16:18

Health: -2/102     AC: 24    Str: 16    XL:     9   Next: 89%
Magic:  13/13      EV:  2    Int: 11    God:    Nemelex Xobeh [****..]
Gold:   341        SH:  0    Dex: 15    Spells: 8/8 levels left

rFire   . . .        g - +0 triple sword
rCold   . . .        (shield currently unavailable)
rNeg    . . .        k - melded +0 pearl dragon scales
rPois   +            (helmet currently unavailable)
rElec   .            o - melded +1 cloak
rCorr   .            (gloves currently unavailable)
SInv    .            l - melded +0 pair of boots
Will    .....        A - amulet of the acrobat
Stlth   ++           (no ring)
HPRegen 0.37/turn    (no ring)
MPRegen 0.13/turn

%: acrobat
@: tree-form
A: stationary, stasis, torment immunity, boosted hp, (antennae 1), (yellow
scales 1), foul stench 2, (spiny 1)
a: Renounce Religion, Draw Escape, Draw Destruction, Draw Summoning, Triple
Draw, Deal Four


You were on level 8 of the Dungeon.
You worshipped Nemelex Xobeh.
Nemelex Xobeh was greatly pleased with you.
You were a tree.
You visited 2 branches of the dungeon, and saw 9 of its levels.

You collected 341 gold pieces.

Inventory:

Hand Weapons
 a - a +0 short sword
 g - a +0 triple sword (weapon)
Missiles
 c - 2 throwing nets (quivered)
Armour
 b - a +0 robe
 d - an orb of light
 i - a +0 ring mail
 k - +0 pearl dragon scales (melded)
 l - a +0 pair of boots (melded)
 o - a +1 cloak (melded)
 s - a +0 helmet
Jewellery
 n - a ring of fire
 q - a ring of wizardry
 u - a ring of ice
 y - a ring of ice
 A - an amulet of the acrobat (around neck)
 B - a ring of fire
Wands
 p - a wand of roots (5)
 D - a wand of flame (18)
Scrolls
 f - 2 scrolls of fear
 h - 2 scrolls of identify
 j - 3 scrolls of teleportation
 m - 2 scrolls of poison {unknown}
 r - a scroll of fog {unknown}
 t - a scroll of blinking
 x - a scroll of immolation
 C - a scroll of enchant armour {unknown}
 E - a scroll of amnesia {unknown}
Potions
 e - 3 potions of brilliance
 v - 2 potions of lignification
 w - a potion of mutation {unknown}
 z - a potion of might {unknown}


   Skills:
 + Level 5.1 Fighting
 + Level 2.7(7.1) Short Blades
 * Level 10.4(10.5) Long Blades
 + Level 3.8 Armour
 + Level 3.8 Dodging
 + Level 1.0 Stealth
 * Level 6.2 Invocations


You had 8 spell levels left.
You didn't know any spells.
Your spell library contained the following spells:

 Spells                   Type           Power      Damage    Failure   Level
 Static Discharge         Conj/Air       0%         3-3/arc   47%         2
 Gell's Gravitas          Tloc           0%         N/A       71%         3
 Teleport Other           Tloc           0%         N/A       71%         3
 Tukima's Dance           Hex            0%         N/A       71%         3
 Airstrike                Air            0%         2d(0-16)  98%         4
 Dimensional Bullseye     Hex/Tloc       0%         N/A       98%         4
 Iskenderun's Mystic Bla  Conj/Tloc      0%         2d3       98%         4
 Summon Lightning Spire   Summ/Air       0%         N/A       98%         4
 Dispersal                Tloc           0%         N/A       100%        6
 Malign Gateway           Summ/Tloc      0%         N/A       100%        7
 Summon Horrible Things   Summ           0%         N/A       100%        8


Dungeon Overview and Level Annotations

Branches:
Dungeon (8/15)             Temple (1/1) D:4
   Lair: D:8-11

Altars:
Ashenzari
Cheibriados
Dithmenos
Fedhas
Gozag
Hepliaklqana
Kikubaaqudgha
Makhleb
Nemelex Xobeh
Okawaru
Qazlal
Sif Muna
Trog
Uskayaw
Vehumet
Wu Jian
Xom
Yredelemnul

Shops:
D:1 !

Annotations:
D:3 1 runed translucent door, Crazy Yiuf


Innate Abilities, Weirdness & Mutations

You are a tree.
Your roots penetrate the ground, keeping you stationary.
You cannot be teleported.
You are immune to unholy pain and torment.
Your maximum health is greatly increased.
Your equipment is partially melded.
((You have a pair of small antennae on your head.))
((You are partially covered in yellow scales. (AC +2)))
You sometimes emit foul miasma when damaged in melee.
((You are partially covered in sharp spines.))


Message History

The yak gores you but does no damage. x3
You slash the yak!
You kill the yak!
The yak gores you but does no damage. The yak gores you!
* * * LOW HITPOINT WARNING * * *
You hit the yak.
The yak is moderately wounded.
The yak gores you but does no damage. x2; The yak gores you.
* * * LOW HITPOINT WARNING * * *
You hit the yak but do no damage.
The yak is moderately wounded.
The yak gores you!
* * * LOW HITPOINT WARNING * * *
You emit a cloud of foul miasma!
The yak gores you but does no damage.
You barely miss the yak.
The yak is moderately wounded.
The yak is engulfed in dark miasma.
The yak is poisoned.
The yak barely misses you. The yak gores you but does no damage.
The yak is engulfed in dark miasma.
The yak looks even sicker.
The yak seems to slow down.
The yak gores you.
* * * LOW HITPOINT WARNING * * *
Okay, then.
As you read the scroll labelled BUAKAH QUREVOLU, it crumbles to dust.
You cannot blink because you are held in place by your roots.
It was a scroll of blinking.
The yak is no longer moving slowly.
The yak barely misses you.
As you read the scroll labelled IVONYU SIOPSUM, it crumbles to dust.
The creatures around you are filled with an inner flame!
It was a scroll of immolation.
The yak is engulfed in dark miasma.
The yak looks even sicker.
Flame seeps out of the yak.
The yak gores you but does no damage. The yak gores you!
* * * LOW HITPOINT WARNING * * *
As you read the scroll labelled ZEIGAE UTUAXO, it crumbles to dust.
It is a scroll of identify.
f - 2 scrolls of fear Flame seeps out of the yak.
The yak is engulfed in dark miasma.
The yak looks as sick as possible!
Flame seeps out of the yak.
The yak gores you.
You die...
Your body disappears without a glow.

P...P..P.P..
........... .#
....P.P.... .# .
P...P..... ..#.
...♣.♣P..#+####..#
#.P.P..........#
#...Y.........#
#......#.##Y..##
##......'.†♣Y...#
.......>.#######...#
####......# ..
+......#######[#
#..............#
+.............##
####......#..........
#<#########.####.....
#.# #.# .....


You could see 2 yaks.

Vanquished Creatures
  The ghost of rotlqkf the Covert, an amateur KoBr (D:4)
  A wyvern (D:8)
  Sigmund (D:4)
  Eustachio (D:6)
  2 yaks (D:8)
  A basilisk (D:8)
  Menkaure (D:6)
  3 water moccasins (D:8)
  A sky beast (D:7)
  An ice beast (D:5)
  5 black bears
  2 ogres (D:5)
  2 centaurs
  A phantom (D:6)
  2 kobold brigands
  A gnoll sergeant (D:4)
  2 scorpions
  A bullfrog (D:6)
  4 hounds
  A gnoll bouda (D:4)
  3 orc priests
  4 iguanas
  An orc wizard (D:5)
  A centaur simulacrum (D:4)
  A bullfrog simulacrum (D:4)
  Robin (D:3)
  9 gnolls (D:4)
  6 adders
  6 river rats (D:5)
  2 hound simulacra (D:4)
  A shadow imp (D:6)
  3 white imps
  3 ufetubi (D:5)
  2 dart slugs
  A ribbon worm (D:4)
  An adder simulacrum (D:4)
  18 orcs
  5 ball pythons
  7 bats
  5 endoplasms
  9 hobgoblins
  3 jackals (D:1)
  11 quokkas
  2 frilled lizards
  15 goblins
  12 kobolds
  26 rats
192 creatures vanquished.

Notes
Turn   | Place    | Note
-------+----------+-------------------------------------------
     0 | D:1      | PidgeyThePirate the Demonspawn Monk began the quest for the
                  | Orb.
     0 | D:1      | Reached XP level 1. HP: 18/18 MP: 1/1
   160 | D:1      | Reached skill level 1 in Long Blades
   160 | D:1      | Gained mutation: You are partially covered in yellow
                  | scales. (AC +2) [demonic ancestry]
   160 | D:1      | Reached XP level 2. HP: 24/24 MP: 2/2
   449 | D:1      | Found Neimamoh's Distillery.
   829 | D:2      | Found a faded altar of an unknown god.
   853 | D:2      | Gained mutation: You may rarely emit foul miasma when
                  | damaged in melee. [demonic ancestry]
   853 | D:2      | Reached XP level 3. HP: 29/29 MP: 3/3
   976 | D:2      | Reached skill level 2 in Long Blades
  1162 | D:2      | Found an ornate altar of the Wu Jian Council.
  1618 | D:3      | Reached XP level 4. HP: 26/35 MP: 4/4
  1762 | D:3      | Noticed a centaur
  1783 | D:3      | Killed a centaur
  1784 | D:3      | Reached skill level 3 in Long Blades
  1784 | D:3      | Gained mutation: You are partially covered in sharp spines.
                  | [demonic ancestry]
  1784 | D:3      | Reached XP level 5. HP: 20/41 MP: 5/5
  1874 | D:3      | Found a runed translucent door.
  1875 | D:3      | Noticed Crazy Yiuf
  1939 | D:3      | Noticed Robin
  1953 | D:3      | Killed Robin
  1954 | D:3      | Reached skill level 4 in Long Blades
  2216 | D:4      | Found a blossoming altar of Fedhas.
  2272 | D:4      | Found a runed translucent gate.
  2272 | D:4      | Found a runed translucent gate.
  2272 | D:4      | Found a runed translucent gate.
  2336 | D:4      | Noticed Sigmund
  2342 | D:4      | Found a staircase to the Ecumenical Temple.
  2350 | Temple   | Entered the Ecumenical Temple
  2385 | Temple   | Became a worshipper of Nemelex Xobeh the Trickster
  2385 | Temple   | Reached * piety under Nemelex Xobeh
  2385 | Temple   | Received a gift from Nemelex Xobeh
  2385 | Temple   | Received a gift from Nemelex Xobeh
  2385 | Temple   | Reached ** piety under Nemelex Xobeh
  2406 | D:4      | Killed Sigmund
  2407 | D:4      | Reached skill level 1 in Armour
  2407 | D:4      | Reached XP level 6. HP: 47/47 MP: 6/6
  2536 | D:4      | Found a basalt altar of Yredelemnul.
  2547 | D:4      | Reached skill level 5 in Long Blades
  2547 | D:4      | Reached skill level 1 in Invocations
  2590 | D:4      | Found a snail-covered altar of Cheibriados.
  2634 | D:4      | Noticed rotlqkf's ghost (amateur KoBr)
  2790 | D:4      | Reached XP level 7. HP: 17/52 MP: 8/8
  3047 | D:5      | Entered Level 5 of the Dungeon
  3072 | D:5      | Reached skill level 6 in Long Blades
  3214 | D:5      | Gained mutation: You sometimes emit foul miasma when
                  | damaged in melee. [demonic ancestry]
  3214 | D:5      | Reached XP level 8. HP: 40/60 MP: 10/10
  3454 | D:5      | Received a gift from Nemelex Xobeh
  3457 | D:5      | Found a bloodstained altar of Trog.
  3517 | D:5      | Reached skill level 7 in Long Blades
  4209 | D:6      | Reached skill level 8 in Long Blades
  4524 | D:6      | Reached *** piety under Nemelex Xobeh
  4524 | D:6      | Noticed Menkaure
  4534 | D:6      | HP: 2/60 [Menkaure (6)]
  4539 | D:6      | Killed Menkaure
  4540 | D:6      | Gained mutation: You have a pair of small antennae on your
                  | head. [demonic ancestry]
  4540 | D:6      | Reached XP level 9. HP: 12/66 MP: 12/12
  4786 | D:6      | Noticed Eustachio
  4800 | D:6      | Killed Eustachio
  4801 | D:6      | Reached skill level 5 in Invocations
  5306 | D:4      | Reached skill level 9 in Long Blades
  5336 | D:4      | Killed rotlqkf's ghost
  5722 | D:7      | Found a shadowy altar of Dithmenos.
  5838 | D:7      | Received a gift from Nemelex Xobeh
  6017 | D:7      | Identified the +0 whip "Qumer" {freeze, Int+3}
  6025 | D:7      | Received a gift from Nemelex Xobeh
  6466 | D:7      | Reached **** piety under Nemelex Xobeh
  6762 | D:8      | Reached skill level 5 in Fighting
  6762 | D:8      | Reached skill level 1 in Stealth
  6770 | D:8      | Reached skill level 10 in Long Blades
  6784 | D:8      | HP: 3/102 [yak (10)]
  6785 | D:8      | Slain by a yak

Illustrated notes

Levels and vault maps discovered:
D:1:      eino_arrival_druids_welcome, layout_rooms, serial_shops, shop
D:2:      layout_loops_ring, basic_altar,
          shapermc_ecumenical_altar_mp_ritualfount, kennysheep_generic_room_6
D:3:      layout_rooms, serial_aquarium, aquarium_bridge_square
          [aquarium_subvault_bridge, aquarium_subvault_bridge,
          aquarium_subvault_window, aquarium_subvault_window],
          aquarium_window_corridor_3, aquarium_window_fake, aquarium_window_2,
          aquarium_view_2c, uniq_robin, uniq_crazy_yiuf_cottage
D:4:      layout_rooms, mainiacjoe_overflow_tiny_flanked,
          mainiacjoe_overflow_two_lobes, temple_green, gammafunk_ghost_icy,
          lightli_minifort, uniq_sigmund
D:5:      lemuel_ratsnest, layout_rooms, trog_butcher_becter, nicolae_the_louvre
D:6:      layout_gridville, uniq_eustachio, uniq_menkaure
D:7:      layout_basic, nicolae_dithmenos_the_darkroom,
          hangedman_abyss_or_decor_jellyfish_corner, minmay_misc_feat_plants
D:8:      layout_basic, nicolae_ru_path_of_blood, minmay_lair_entry_grove,
          gammafunk_ghost_stat_death, uniq_prince_ribbit1
Temple:   compressed_dpeg_triangle_lava_temple

Skill      XL: |  1  2  3  4  5  6  7  8  9 |
---------------+----------------------------+-----
Long Blades    | 1 2 3 4 5 6 8 10 | 10.4
Dodging        | 3 |  3.8
Armour         | 1 2 3 |  3.8
Invocations    | 1 3 4 6 |  6.2
Fighting       | 4 5 |  5.1
Stealth        | 1 |  1.0
Short Blades   | |  2.7

Action                     |  1- 3 |  4- 6 |  7- 9 || total
---------------------------+-------+-------+-------++-------
  Melee: Triple sword      |   125 |    70 |   233 ||   428
         Short sword       |     6 |       |       ||     6
 Invoke: Draw Destruction  |       |     1 |       ||     1
    Use: Potion            |       |     2 |     6 ||     8
         Scroll            |       |       |     4 ||     4
   Stab: Sleeping          |     1 |       |       ||     1
 Armour: Robe              |    40 |       |       ||    40
         Ring mail         |    29 |       |       ||    29
         Pearl dragon scal |    81 |    99 |   241 ||   421
         Skin              |       |       |    25 ||    25
  Dodge: Dodged            |   128 |    57 |   175 ||   360

Table legend: (Time is in decaauts)
 A = Elapsed time spent in this place.
 B = Non-inter-level travel time spent in this place.
 C = Inter-level travel time spent in this place.
 D = Time resting spent in this place.
 E = Time spent auto-exploring this place.
 F = Levels seen in this place.
 G = Mean time per level.
                   A        B        C        D        E       F      G
               +--------+--------+--------+--------+--------+-----+--------+
         Total |   6998 |   6655 |    343 |      0 |   5042 |   9 |  777.6 |
       Dungeon |   6946 |   6612 |    334 |      0 |   5017 |   8 |  868.2 |
        Temple |     51 |     42 |      9 |      0 |     25 |   1 |   51.0 |
               +--------+--------+--------+--------+--------+-----+--------+

Top non-repeatable levels by time:
     D:5: 1215 daAuts
     D:7: 1177 daAuts
     D:6: 1141 daAuts
     D:4: 983 daAuts
     D:2: 796 daAuts
     D:3: 751 daAuts
     D:1: 709 daAuts
     D:8: 171 daAuts
  Temple: 51 daAuts
